 Dungeon Crawl Stone Soup version 0.27-a0-679-g77a6b55cf3 (webtiles) character file.

Game seed: 9214384905859531822

56 kenlaan the Skirmisher (level 3, -1/43 HPs)
             Began as a Demonspawn Berserker on Mar 18, 2021.
             Was a Believer of Trog.
             Slain by a wight
             ... wielding a +3 halberd
              (9 damage)
             ... on level 3 of the Dungeon.
             The game lasted 00:06:38 (3126 turns).

kenlaan the Skirmisher (Demonspawn Berserker)       Turns: 3126, Time: 00:06:38

Health: -1/43      AC:  2    Str: 18    XL:     3   Next: 69%
Magic:  3/3        EV: 12    Int:  8    God:    Trog [**....]
Gold:   36         SH:  0    Dex: 12    Spells: 2/2 levels left

rFire    + . .     SeeInvis .   a - +0 falchion
rCold    . . .     Faith    .   (no shield)
rNeg     . . .     Spirit   .   b - +0 animal skin
rPois    .         Reflect  .   (helmet restricted)
rElec    .         Harm     .   (no cloak)
rCorr    .         Rampage  .   (no gloves)
Will     .....                  (no boots)
Stlth    ..........             (no amulet)
HPRegen  0.14/turn              e - ring of protection from fire
MPRegen  0.08/turn              (no ring)

@: berserking, very quick
A: antennae 1, foul stench 1
a: Renounce Religion, Berserk, Trog's Hand


You were on level 3 of the Dungeon.
You worshipped Trog.
Trog was pleased with you.
You visited 1 branch of the dungeon, and saw 3 of its levels.

You collected 36 gold pieces.

Inventory:

Hand Weapons
 a - a +0 falchion (weapon)
Missiles
 h - 2 boomerangs
Armour
 b - a +0 animal skin (worn)
Jewellery
 e - a ring of protection from fire (right hand)
 f - a ring of resist corrosion
Scrolls
 g - a scroll of teleportation {unknown}
 i - a scroll of noise {unknown}
 j - a scroll of identify
Potions
 c - 3 potions of lignification
 d - 2 potions of curing {unknown}


   Skills:
 + Level 3.6 Fighting
 + Level 3.3 Long Blades
 + Level 2.0 Armour
 + Level 2.1 Dodging
 + Level 0.4 Stealth


You had 2 spell levels left.
You didn't know any spells.
Your spell library was empty.

Dungeon Overview and Level Annotations

Branches:
Dungeon (3/15)

Altars:


Innate Abilities, Weirdness & Mutations

You have a pair of small antennae on your head.
You may rarely emit foul miasma when damaged in melee.


Message History

A giant cockroach comes into view.
There is a stone staircase leading up here.
A giant cockroach is nearby!
The giant cockroach completely misses you.
You riposte.
You hit the giant cockroach but do no damage.
You hit the giant cockroach.
You kill the giant cockroach!
Trog accepts your kill.
A worm comes into view.
A worm is nearby!
You hit the worm.
The worm is moderately wounded.
The worm barely misses you.
You riposte.
You slash the worm!
The worm is severely wounded.
You slash the worm!
You kill the worm!
Trog accepts your kill.
You see here a worm corpse.
You open the door.
Found a stone staircase leading down.
There is an open door here.
Found 15 stones.
A wight comes into view. It is wielding a +3 halberd.
A wight is nearby!
There is an open door here.
You close the door.
You start waiting.
You sense a monster nearby.
You open the door. The wight closely misses you. The wight barely misses you.
The wight hits you with a +3 halberd!!
Ouch! That really hurt!
There is an open door, spattered with blood here.
You barely miss the wight. The wight hits you with a +3 halberd.
* * * LOW HITPOINT WARNING * * *
A red film seems to cover your vision as you go berserk!
You feel yourself moving faster!
You feel mighty! The wight hits you with a +3 halberd!
You die...

#...........(.
#............
#..........#
#...>......#
#..........#
#..........#
#..........#
######z#####
###@###
#.....######
#..........#
#..........#
###.#......#
#....######
#...†# #....#
#....#


You could see a wight.

Vanquished Creatures
  A worm (D:3)
  A dart slug (D:1)
  2 giant cockroaches
  5 hobgoblins
  4 jackals (D:2)
  7 kobolds
  2 quokkas
  A ball python (D:1)
  9 bats
  2 frilled lizards (D:1)
  5 goblins
  5 rats (D:1)
44 creatures vanquished.

Notes
Turn   | Place    | Note
-------+----------+-------------------------------------------
     0 | D:1      | kenlaan the Demonspawn Berserker began the quest for the
                  | Orb.
     0 | D:1      | Reached XP level 1. HP: 18/18 MP: 1/1
   202 | D:1      | Gained mutation: You have a pair of small antennae on your
                  | head. [demonic ancestry]
   202 | D:1      | Reached XP level 2. HP: 17/24 MP: 2/2
   722 | D:1      | Reached ** piety under Trog
  1133 | D:1      | Gained mutation: You may rarely emit foul miasma when
                  | damaged in melee. [demonic ancestry]
  1133 | D:1      | Reached XP level 3. HP: 29/29 MP: 3/3
  1485 | D:1      | You fall into a shaft and drop 1 floor!
  2149 | D:2      | Found a faded altar of an unknown god.
  3126 | D:3      | Slain by a wight

Illustrated notes

Levels and vault maps discovered:
D:1:      dpeg_arrival_court, layout_rooms, minmay_pentomino_s4
D:2:      layout_loops_corners, chequers_ecumenical_altar_lobes,
          minmay_misc_feat_four_crosses
D:3:      layout_basic, dk_vineyard_2

Skill      XL: |  1  2  3 |
---------------+----------+-----
Long Blades    | 3 |  3.3
Armour         | 2 |  2.0
Dodging        | 2 |  2.1
Fighting       | |  3.6
Stealth        | |  0.4

Action                   || total
-------------------------++-------
Melee: Falchion          ||   100
Invok: Berserk           ||     5
  Use: Scroll            ||     2
 Stab: Sleeping          ||     2
Armor: Animal skin       ||    17
Dodge: Dodged            ||    64
       Rpst.: Falchion   ||    29

Table legend: (Time is in decaauts)
 A = Elapsed time spent in this place.
 B = Non-inter-level travel time spent in this place.
 C = Inter-level travel time spent in this place.
 D = Time resting spent in this place.
 E = Time spent auto-exploring this place.
 F = Levels seen in this place.
 G = Mean time per level.
                   A        B        C        D        E       F      G
               +--------+--------+--------+--------+--------+-----+--------+
         Total |   3175 |   3079 |     96 |   1321 |   1419 |   3 | 1058.3 |
       Dungeon |   3175 |   3079 |     96 |   1321 |   1419 |   3 | 1058.3 |
               +--------+--------+--------+--------+--------+-----+--------+

Top non-repeatable levels by time:
     D:1: 1654 daAuts
     D:2: 1482 daAuts
     D:3: 38 daAuts
